 Dungeon Crawl Stone Soup version 0.32-a0-815-g315f82d515 (webtiles) character file.

Game seed: 13378650666464536979

45304 whodunnit the Fighter (level 14, -6/111 HPs)
             Began as a Djinni Fire Elementalist on Mar 23, 2024.
             Was a High Priest of Ashenzari.
             Mangled by a +2 scimitar of flaming (20 damage)
             ... on level 1 of the Elven Halls.
             The game lasted 01:38:26 (14646 turns).

whodunnit the Fighter (Djinni Fire Elementalist)   Turns: 14646, Time: 01:38:27

Health: -6/111     AC: 14    Str: 11    XL:     14   Next: 70%
Gold:   1121       EV: 20    Int: 17    God:    Ashenzari [*****.] SH:  5 Dex: 22

rFire   + . .        y - staff of Supernal Wisdom (curse) {Conj, Cun, Bglg} (curse)
rCold   + + .        (no shield)
rNeg    . . .        C - +2 troll leather armour
rPois   ∞            s - +0 helmet "Circumscribed Together" {Elem, Fort} (curse)
rElec   .            m - +1 cloak "Annoyance of Ashenzari" {rPois, Fort, Cun} (curse)
rCorr   .            J - +0 pair of gloves of the Eye in the Sky {Comp, Elem} (curse)
SInv    +            (boots unavailable)
Will    +....        t - amulet of Ashenzari's Loss {Reflect SH+5, Melee, Bglg} (curse)
Stlth   ++++         p - ring of the Eye in the Sky {rF- rC+++ AC+4 Str+4 Int-3, Elem, Bglg} (curse)
HPRegen 1.18/turn    i - ring of the Fated Irritation {Dex+6, Comp, Melee} (curse)
MPRegen 0.00/turn

%: reflection, clarity, infuse magic (-7 HP)
@: flying
A: sickness immunity, fire resistance 2, cold vulnerability 1, float, innate
caster, HP casting, extra vitality 1
a: Renounce Religion, Curse Item, Shatter the Chains


You were on level 1 of the Elven Halls.
You worshipped Ashenzari.
Ashenzari was extremely pleased with you.
You visited 4 branches of the dungeon, and saw 16 of its levels.

You collected 1280 gold pieces.
You spent 159 gold pieces at shops.

Inventory:

Hand Weapons
 r - a +5 quarterstaff of chaos
 A - a +2 scimitar of flaming
Missiles
 k - a throwing net
Armour
 a - a +0 robe
 m - the cursed +1 cloak "Annoyance of Ashenzari" (worn) {rPois, Fort, Cun}
   (You found it on level 4 of the Dungeon)

   It has a curse which improves the following skills: Fortitude: Armour and
   Shields.
   Cunning:   Dodging and Stealth.
 s - the cursed +0 helmet "Circumscribed Together" (worn) {Elem, Fort}
   (You found it on level 10 of the Dungeon)

   It has a curse which improves the following skills: Elements: Fire Magic, Ice
   Magic, Air Magic and Earth Magic.
   Fortitude: Armour and Shields.
 C - a +2 troll leather armour (worn)
 J - the cursed +0 pair of gloves of the Eye in the Sky (worn) {Comp, Elem}
   (You bought it in a shop on level 1 of the Dungeon)

   It has a curse which improves the following skills: Companions: Summonings
   and Necromancy.
   Elements:  Fire Magic, Ice Magic, Air Magic and Earth Magic.
Magical Staves
 y - the cursed staff of Supernal Wisdom (weapon) {Conj, Cun, Bglg}
   (You found it on level 8 of the Dungeon)

   [staff of conjuration]

   Base accuracy: +5 Base damage: 5 Base attack delay: 1.2 This weapon's minimum
   attack delay (0.6) is reached at skill level 12.
   Conj:      It increases the power of your Conjurations spells.
   It falls into the 'Staves' category.
   It is a one-handed weapon.
   It has a curse which improves the following skills: Cunning: Dodging and
   Stealth.
   Beguiling: Hexes and Translocations.
Jewellery
 i - the cursed ring of the Fated Irritation (right hand) {Dex+6, Comp, Melee}
   (You found it on level 2 of the Dungeon)

   [ring of dexterity]

   Dex+6:     It affects your dexterity (+6).
   It has a curse which improves the following skills: Companions: Summonings
   and Necromancy.
   Melee Combat: Short Blades, Long Blades, Axes, Maces & Flails, Polearms,
   Staves and Unarmed Combat.
 p - the cursed ring of the Eye in the Sky (left hand) {rF- rC+++ AC+4 Str+4 Int-3, Elem, Bglg}
   (You took it off an orc wizard on level 4 of the Dungeon)

   [ring of protection]

   AC+4:      It affects your AC (+4).
   Str+4:     It affects your strength (+4).
   Int-3:     It affects your intelligence (-3).
   rF-:       It makes you vulnerable to fire.
   rC+++:     It renders you almost immune to cold.
   It has a curse which improves the following skills: Elements: Fire Magic, Ice
   Magic, Air Magic and Earth Magic.
   Beguiling: Hexes and Translocations.
 t - the cursed amulet of Ashenzari's Loss (around neck) {Reflect SH+5, Melee, Bglg}
   (You found it on level 5 of the Dungeon)

   [amulet of reflection]

   Reflect:   It reflects blocked missile attacks.
   SH+5:      It affects your SH (+5).
   It has a curse which improves the following skills: Melee Combat: Short
   Blades, Long Blades, Axes, Maces & Flails, Polearms, Staves and Unarmed
   Combat.
   Beguiling: Hexes and Translocations.
 v - a ring of positive energy
Wands
 n - a wand of roots (32)
 u - a wand of flame (9)
 B - a wand of charming (9)
Scrolls
 c - 4 scrolls of amnesia
 d - a scroll of revelation
 e - 2 scrolls of brand weapon
 f - 3 scrolls of teleportation
 g - 11 scrolls of identify
 h - 5 scrolls of poison
 j - 2 scrolls of fog
 l - 5 scrolls of vulnerability
 o - 3 scrolls of fear
 D - a scroll of immolation
 E - a scroll of silence
 G - a scroll of enchant weapon
 H - 2 scrolls of blinking
Potions
 b - 5 potions of curing
 q - 3 potions of might
 w - 2 potions of brilliance
 x - 2 potions of ambrosia
 z - 2 potions of lignification
 I - 2 potions of attraction
 K - a potion of enlightenment


   Skills:
 * Level 13.9 Fighting
 + Level 2.7(5.3) Armour
 + Level 9.3(12.5) Dodging
 + Level 6.2(9.4) Stealth
 + Level 4.6(7.6) Shields
 + Level 13.4 Spellcasting
 + Level 13.4 Conjurations
 + Level 13.4(17.5) Hexes
 + Level 13.4(16.5) Summonings
 + Level 13.4(16.5) Necromancy
 + Level 13.4(17.5) Translocations
 + Level 13.4(17.5) Fire Magic
 + Level 13.4(17.5) Ice Magic
 + Level 13.4(17.5) Air Magic
 + Level 13.4(17.5) Earth Magic
 + Level 13.4 Alchemy


You knew the following spells:

 Your Spells              Type           Power      Damage    Failure   Level
a - Foxfire               Conj/Fire      100%       2x1d9     0%          1
b - Scorch                Fire           100%       2d9       0%          2
c - Volatile Blastmotes   Fire/Tloc      100%       2d18      1%          3
d - Inner Flame           Hex/Fire       63%        N/A       1%          3
e - Flame Wave            Conj/Fire      77%        2d17      1%          4
f - Freeze                Ice            100%       1d10      0%          1
g - Momentum Strike       Conj/Tloc      100%       3d10      1%          2
h - Confusing Touch       Hex            63%        N/A       1%          3
i - Gell's Gravitas       Tloc           63%        N/A       1%          3
j - Summon Lightning Spi  Summ/Air       62%        N/A       1%          4
k - Silence               Hex/Air        31%        N/A       1%          5
Your spell library was empty.

Dungeon Overview and Level Annotations

Branches:
Dungeon (12/15)            Temple (1/1) D:5            Lair (0/5) D:9
    Orc (2/2) D:10            Elf (1/3) Orc:2

Altars:
Ashenzari
Cheibriados
Dithmenos
Elyvilon
Fedhas
Gozag
Hepliaklqana
Makhleb
Nemelex Xobeh
Okawaru
Qazlal
Ru
Trog
Uskayaw
Wu Jian
Xom
Yredelemnul
Zin
The Shining One
Beogh
Jiyva

Shops:
D:1 [   D:3 :   D:6 (   Orc:2 =:*!:

Annotations:
D:12 3 runed translucent doors, mn3067's ghost, journeyman DjCj


Innate Abilities, Weirdness & Mutations

You are immune to sickness and miasma.
You are immune to poison.
Your flesh is very heat resistant. (rF++)
You are vulnerable to cold. (rC-)
You float through the air rather than walking.
You learn spells naturally, not from books.
Your magical power is your life essence.
You have superior vitality. (+4 MHP)


Message History

The +2 scimitar of flaming hits you. The +2 scimitar of flaming burns you.
Unknown command.
You hit the +2 scimitar of flaming but do no damage.
The +2 scimitar of flaming is heavily damaged.
The +2 scimitar of flaming misses you.
The +2 scimitar of flaming barely misses you.
Unknown command.
You barely miss the +2 scimitar of flaming.
The +2 scimitar of flaming is moderately damaged.
The +2 scimitar of flaming hits you.
The +2 scimitar of flaming hits you but does no damage.
Unknown command.
You barely miss the +2 scimitar of flaming.
The +2 scimitar of flaming is moderately damaged.
The +2 scimitar of flaming hits you!
* * * LOW HITPOINT WARNING * * *
The +2 scimitar of flaming burns you.
* * * LOW HITPOINT WARNING * * *
You block the +2 scimitar of flaming's attack.
You hit the +2 scimitar of flaming but do no damage.
You blast the +2 scimitar of flaming.
The +2 scimitar of flaming is moderately damaged.
The +2 scimitar of flaming hits you.
* * * LOW HITPOINT WARNING * * *
You block the +2 scimitar of flaming's attack.
Unknown command.
You feel much better.
You are no longer robbed of momentum.
The +2 scimitar of flaming is no longer more vulnerable to fire.
The +2 scimitar of flaming hits you. The +2 scimitar of flaming burns you.
You completely miss the +2 scimitar of flaming.
The +2 scimitar of flaming is moderately damaged.
The +2 scimitar of flaming hits you!
* * * LOW HITPOINT WARNING * * *
The +2 scimitar of flaming hits you.
* * * LOW HITPOINT WARNING * * *
The +2 scimitar of flaming burns you.
* * * LOW HITPOINT WARNING * * *
The +2 scimitar of flaming hits you!!
You die...

#..#..#..#..#..#..#..#..#.....'..
.......).....%...............##..
################################.
##....>.## *#+## ####
#........###### *#...# #...
..........+...# *#....# #...
.........####.# ##.....# #...
........## #.###......# #...
.......## ##...@......# #...
........# #..###(I....# #...
#######{## #..# #......# #...
*∆,,∆*#..###..# #......# #...
,,,,,,#.......# ##.....# ##..
,,,,,,#.####.## ##....#### ##.
,,,,,,#.#* #.# ##.....#..## #'
,,,,,,#..###.# #..........## #.
*,,,∆*#......# #.........).## #.


You could see a +2 scimitar of flaming (ally target) and a friendly lightning
spire (summoned).

Vanquished Creatures
  Frances (Elf:1)
  A hydra (D:9)
  Erica (D:8)
  A two-headed ogre (D:9)
  A tengu warrior (D:12)
  2 orc high priests (Orc:2)
  A deep elf knight (Elf:1)
  4 deep elf archers (Elf:1)
  An orc knight (Orc:2)
  The ghost of Serus the Basher, a novice GrFi of Hepliaklqana (D:9)
  8 deep elf zephyrmancers (Elf:1)
  7 deep elf pyromancers
  2 orc sorcerers
  An ugly thing (D:11)
  2 slime creatures (D:12)
  2 kobold blastminers (Orc:1)
  A gargoyle (D:12)
  A komodo dragon (D:9)
  An unseen horror zombie (D:9)
  2 trolls
  2 polar bears (D:10)
  Grinder (D:6)
  2 hornets
  Sigmund (D:5)
  A shadow (D:11)
  3 wraiths
  A wyvern (D:9)
  9 yaks
  A warg (Orc:2)
  A steam dragon (D:9)
  3 vampire mosquitoes (D:10)
  Menkaure (D:6)
  Edmund (D:6)
  3 water moccasins
  3 ice beasts
  15 orc warriors
  3 black bears
  3 ogres
  3 centaurs
  A phantom (D:5)
  A kobold brigand (D:9)
  6 bullfrogs
  A scorpion (D:5)
  An earth elemental (Elf:1)
  8 killer bees
  4 howler monkeys
  3 bombardier beetles
  3 centaur zombies (D:9)
  3 hounds
  A human zombie (D:9)
  7 jellies
  A gnoll bouda (D:8)
  27 orc priests
  Crazy Yiuf (D:4)
  2 sleepcaps
  Natasha (thrice) (D:3)
  3 iguanas
  16 orc wizards
  15 gnolls
  9 adders
  A white imp (D:5)
  6 dart slugs
  2 ribbon worms
  79 orcs
  4 bats
  5 endoplasms
  3 giant cockroaches
  6 goblins
  10 hobgoblins
  6 jackals
  2 quokkas
  5 ball pythons
  6 frilled lizards
  7 kobolds
  3 rats
359 creatures vanquished.

Vanquished Creatures (collateral kills)
  3 orc high priests (Orc:2)
  A tengu warrior (D:12)
  5 orc knights (Orc:2)
  2 obsidian bats (Orc:1)
  4 deep elf pyromancers (Elf:1)
  An orc sorcerer (Orc:2)
  7 deep elf zephyrmancers (Elf:1)
  2 manticores
  2 cyclopes
  2 kobold blastminers (Orc:1)
  2 unseen horror zombies (D:9)
  An unseen horror skeleton (D:9)
  2 dream sheep (D:9)
  3 slime creatures
  A vampire (D:12)
  A wyvern (D:9)
  A yak (D:9)
  A warg (Orc:1)
  An acid dragon (D:10)
  17 orc warriors
  2 ogres (Orc:2)
  2 kobold brigands (D:9)
  A gnoll sergeant (D:12)
  A wight (D:9)
  2 centaur zombies (D:9)
  A jelly (D:9)
  13 orc priests
  2 orc wizards
  A howler monkey zombie (D:9)
  23 orcs
  9 foxfires
116 creatures vanquished.

Vanquished Creatures (others)
  An orc (Orc:2)
  1191 foxfires
1192 creatures vanquished.

Grand Total: 1667 creatures vanquished

Notes
Turn   | Place    | Note
-------+----------+-------------------------------------------
     0 | D:1      | whodunnit the Djinni Fire Elementalist began the quest for
                  | the Orb.
     0 | D:1      | whodunnit set off with the following spells memorised:
                  | Foxfire, Scorch, Volatile Blastmotes, Inner Flame, Flame
                  | Wave.
     0 | D:1      | Reached XP level 1. HP: 15/15 MP: 0/0
    96 | D:1      | You are sucked into a shaft and drop 1 floor!
   164 | D:2      | Reached XP level 2. HP: 19/21 MP: 0/0
   487 | D:1      | Reached XP level 3. HP: 22/25 MP: 0/0
   487 | D:1      | Learned a level 1 spell: Freeze
   750 | D:1      | Found Neudomuys's Armour Boutique.
  1217 | D:2      | Reached XP level 4. HP: 25/31 MP: 0/0
  1522 | D:3      | Reached XP level 5. HP: 31/35 MP: 0/0
  1522 | D:3      | Learned a level 2 spell: Momentum Strike
  1687 | D:3      | Reached XP level 6. HP: 1/41 MP: 0/0
  1917 | D:3      | Found Keaph's Book Shop.
  2043 | D:3      | Found an iron altar of Okawaru.
  2118 | D:3      | Noticed Natasha
  2123 | D:3      | Killed Natasha
  2408 | D:3      | Noticed Natasha
  2411 | D:3      | Killed Natasha
  2438 | D:3      | Noticed Natasha
  2442 | D:3      | Killed Natasha
  2443 | D:3      | Reached XP level 7. HP: 42/46 MP: 0/0
  2443 | D:3      | Learned a level 3 spell: Confusing Touch
  2587 | D:4      | Found a hide-covered altar of Uskayaw.
  2766 | D:4      | Found a runed translucent door.
  2767 | D:4      | Noticed Crazy Yiuf
  2846 | D:4      | Reached skill level 5 in Spellcasting
  2846 | D:4      | Reached skill level 5 in Conjurations
  2846 | D:4      | Reached skill level 5 in Hexes
  2846 | D:4      | Reached skill level 5 in Summonings
  2846 | D:4      | Reached skill level 5 in Necromancy
  2846 | D:4      | Reached skill level 5 in Translocations
  2846 | D:4      | Reached skill level 5 in Fire Magic
  2846 | D:4      | Reached skill level 5 in Ice Magic
  2846 | D:4      | Reached skill level 5 in Air Magic
  2846 | D:4      | Reached skill level 5 in Earth Magic
  2846 | D:4      | Reached skill level 5 in Alchemy
  2848 | D:4      | Identified the ring of Dishonour {rF- rC+++ AC+4 Str+4
                  | Int-3}
  3166 | D:4      | Found a glowing silver altar of Zin.
  3314 | D:4      | Killed Crazy Yiuf
  3413 | D:5      | Entered Level 5 of the Dungeon
  3439 | D:5      | Found a sparkling altar of Nemelex Xobeh.
  3482 | D:5      | Reached XP level 8. HP: 40/51 MP: 0/0
  3663 | D:5      | Reached skill level 1 in Fighting
  3663 | D:5      | Reached skill level 5 in Stealth
  3798 | D:5      | Found an ornate altar of the Wu Jian Council.
  4078 | D:5      | Noticed Sigmund
  4083 | D:5      | Killed Sigmund
  4261 | D:5      | Found a staircase to the Ecumenical Temple.
  4267 | Temple   | Entered the Ecumenical Temple
  4284 | Temple   | Became a worshipper of Ashenzari the Shackled
  4469 | D:6      | Found a shadowy altar of Dithmenos.
  4546 | D:6      | Noticed Menkaure
  4550 | D:6      | Killed Menkaure
  4551 | D:6      | Reached XP level 9. HP: 55/57 MP: 0/0
  4551 | D:6      | Learned a level 3 spell: Gell's Gravitas
  4597 | D:6      | Noticed Grinder
  4604 | D:6      | Killed Grinder
  4605 | D:6      | Reached skill level 1 in Shields
  4718 | D:6      | Noticed Edmund
  4728 | D:6      | Killed Edmund
  5633 | D:6      | Found Nausunki's Weapon Shop.
  5776 | D:7      | Found a hazy altar of Hepliaklqana.
  5777 | D:7      | Found a shimmering altar of Xom.
  5778 | D:7      | Noticed a spectral ugly thing
  5877 | D:7      | Reached skill level 5 in Dodging
  5887 | D:7      | Reached * piety under Ashenzari
  6029 | D:7      | Reached XP level 10. HP: 52/62 MP: 0/0
  6070 | D:7      | Identified the +2 scale mail of the Hidden Vale {Will+
                  | Dex+3}
  6203 | D:7      | Identified the +0 scale mail "Ximeabut" {rN+ Dex+5}
  6365 | D:7      | Found a blossoming altar of Fedhas.
  6485 | D:7      | Found a basalt altar of Yredelemnul.
  6958 | D:8      | Reached ** piety under Ashenzari
  7236 | D:8      | Noticed Erica
  7247 | D:8      | Killed Erica
  7248 | D:8      | Reached skill level 10 in Spellcasting
  7248 | D:8      | Reached skill level 10 in Conjurations
  7248 | D:8      | Reached skill level 10 in Hexes
  7248 | D:8      | Reached skill level 10 in Summonings
  7248 | D:8      | Reached skill level 10 in Necromancy
  7248 | D:8      | Reached skill level 10 in Translocations
  7248 | D:8      | Reached skill level 10 in Fire Magic
  7248 | D:8      | Reached skill level 10 in Ice Magic
  7248 | D:8      | Reached skill level 10 in Air Magic
  7248 | D:8      | Reached skill level 10 in Earth Magic
  7248 | D:8      | Reached skill level 10 in Alchemy
  7500 | D:9      | Found a staircase to the Lair.
  7501 | D:9      | Noticed a komodo dragon
  7525 | D:9      | Killed a komodo dragon
  7764 | D:9      | Found a runed translucent gate.
  7764 | D:9      | Found a runed translucent gate.
  7764 | D:9      | Found a runed translucent gate.
  7804 | D:9      | Reached *** piety under Ashenzari
  7911 | D:9      | Noticed a two-headed ogre
  7920 | D:9      | Killed a two-headed ogre
  7921 | D:9      | Reached XP level 11. HP: 59/68 MP: 0/0
  7921 | D:9      | Learned a level 4 spell: Summon Lightning Spire
  8032 | D:9      | Noticed Serus's ghost (novice GrFi)
  8748 | D:9      | Noticed a three-headed hydra
  8755 | D:9      | Killed a three-headed hydra
  8977 | D:9      | Found a viscous altar of Jiyva.
  9236 | D:9      | Killed Serus's ghost
  9353 | D:10     | Entered Level 10 of the Dungeon
  9359 | D:10     | Reached XP level 12. HP: 68/76 MP: 0/0
  9565 | D:10     | Found a staircase to the Orcish Mines.
  9827 | D:10     | Found a bloodstained altar of Trog.
 10249 | D:11     | Reached **** piety under Ashenzari
 10381 | D:11     | Reached skill level 1 in Armour
 10532 | D:11     | Reached skill level 5 in Fighting
 10550 | D:11     | Found an opulent altar of Gozag.
 11360 | D:12     | Noticed a centaur warrior
 11361 | D:12     | Noticed a deep troll earth mage
 11362 | D:12     | Noticed a boulder beetle
 11363 | D:12     | Found a runed translucent gate.
 11363 | D:12     | Noticed mn3067's ghost (journeyman DjCj)
 11368 | D:12     | Found a runed translucent gate.
 11368 | D:12     | Found a runed translucent gate.
 11406 | D:12     | Noticed a goliath frog
 11408 | D:12     | a goliath frog changed into a blink frog
 11414 | D:12     | Noticed a tengu warrior
 11417 | D:12     | Noticed a sea snake
 11418 | D:12     | Noticed a tengu warrior
 11420 | D:12     | Killed a tengu warrior
 11425 | D:12     | a sea snake changed into a glowing shapeshifter
 11428 | D:12     | Killed a tengu warrior
 11428 | D:12     | an eye of devastation changed into a glowing orange brain
 11428 | D:12     | Noticed a glowing orange brain (glowing shapeshifter)
 11433 | D:12     | a glowing orange brain changed into a wolf spider
 11439 | D:12     | a tyrant leech changed into a broodmother
 11439 | D:12     | Noticed a broodmother (glowing shapeshifter)
 11440 | D:12     | a broodmother changed into a bunyip
 11440 | D:12     | Noticed a bunyip (glowing shapeshifter)
 11444 | D:12     | a bunyip changed into a two-headed ogre
 11444 | D:12     | Noticed a two-headed ogre (glowing shapeshifter)
 11450 | D:12     | a two-headed ogre changed into a torpor snail
 11451 | D:12     | a torpor snail changed into a glowing orange brain
 11451 | D:12     | Noticed a glowing orange brain (glowing shapeshifter)
 11452 | D:12     | a glowing orange brain changed into an orb spider
 11452 | D:12     | Noticed an orb spider (glowing shapeshifter)
 11453 | D:12     | an orb spider changed into a shock serpent
 11453 | D:12     | Noticed a shock serpent (glowing shapeshifter)
 11712 | D:1      | Bought a +0 pair of gloves for 49 gold pieces
 11719 | D:1      | Reached ***** piety under Ashenzari
 11922 | Orc:1    | Entered Level 1 of the Orcish Mines
 11974 | Orc:1    | Reached XP level 13. HP: 77/93 MP: 0/0
 11974 | Orc:1    | Learned a level 5 spell: Silence
 12043 | Orc:1    | Found a burning altar of Makhleb.
 12314 | Orc:2    | Entered Level 2 of the Orcish Mines
 12358 | Orc:2    | Found a staircase to the Elven Halls.
 12463 | Orc:2    | Reached skill level 10 in Fighting
 12639 | Orc:2    | Found Reogifay's Book Shoppe.
 13004 | Orc:2    | Found a roughly hewn altar of Beogh.
 13004 | Orc:2    | Noticed an orc warlord
 13289 | Orc:2    | Found Syzeut's Distillery.
 13289 | Orc:2    | Found Untaxzot's General Store.
 13290 | Orc:2    | Found Soisynau's Book Shoppe.
 13290 | Orc:2    | Found Idwiaf's Jewellery Emporium.
 13297 | Orc:2    | Bought a potion of heal wounds for 55 gold pieces
 13297 | Orc:2    | Bought a potion of enlightenment for 55 gold pieces
 13465 | Elf:1    | Entered Level 1 of the Elven Halls
 13477 | Elf:1    | Reached XP level 14. HP: 70/107 MP: 0/0
 13870 | Elf:1    | Noticed Frances
 13904 | Elf:1    | Killed Frances
 14646 | Elf:1    | Mangled by a +2 scimitar of flaming

Illustrated notes

Levels and vault maps discovered:
D:1:      nzn_arrival_depleted_hourglass, layout_loops_cross, serial_shops,
          nicolae_shop_peninsula
D:2:      layout_rooms
D:3:      layout_basic, marbit_many_paths, serial_shops, shop, uniq_natasha
D:4:      layout_cave_pools, mainiacjoe_overflow_tiny_flanked, zin_treasury,
          uniq_crazy_yiuf_cottage
D:5:      layout_basic, nicolae_wu_jian_glorious_leap,
          nemelex_spade_bored_becter, minmay_temple_entry_fiery, sigmund_army
D:6:      layout_basic, nicolae_dithmenos_through_a_glass_darkly, serial_shops,
          nicolae_lakefront_shop, uniq_sigmund, uniq_menkaure, uniq_grinder,
          uniq_edmund
D:7:      layout_loops_cross, regret_index_temple_of_mockery,
          mainiacjoe_overflow_alcove_4, mainiacjoe_overflow_alcove_1,
          minmay_misc_feat_room
D:8:      layout_rooms, serial_bayou_pond_e, minivault_19, uniq_erica
D:9:      layout_irregular_city, lemuel_mausoleum_altar_kikubaaqudgha,
          david_lair_shrubbed, gammafunk_ghost_ooze, hangedman_ranch
D:10:     layout_long_grid, trog_ov_bears_minmay, led_sif_pool,
          hiddenorc2_lemuel, minmay_misc_feat_enclosed, minmay_misc_feat_tower
D:11:     layout_basic, grunt_gozag_statues
D:12:     layout_loops_cross, gammafunk_ghost_split
Temple:   nicolae_temple_ecumenical_triangle
Orc:1:    layout_diamond_mine, basic_altar
Orc:2:    st_orc_pillars, layout_caves, serial_shops, shop, lemuel_statue_altar
Elf:1:    minmay_elf_arrival_summoners, layout_gridlike, minmay_elf_sorcery,
          columned_hall_lemuel, uniq_frances

Skill      XL: |  1  2  3  4  5  6  7  8  9 10 11 12 13 14 |
---------------+-------------------------------------------+-----
Stealth        | 2 3 4 5 6 |  6.2
Dodging        | 3 5 6 7 8 9 |  9.3
Spellcasting   | 4 5 7 9 10 12 13 | 13.4
Conjurations   | 4 5 7 9 10 12 13 | 13.4
Hexes          | 4 5 7 9 10 12 13 | 13.4
Summonings     | 4 5 7 9 10 12 13 | 13.4
Necromancy     | 4 5 7 9 10 12 13 | 13.4
Translocations | 4 5 7 9 10 12 13 | 13.4
Fire Magic     | 4 5 7 9 10 12 13 | 13.4
Ice Magic      | 4 5 7 9 10 12 13 | 13.4
Air Magic      | 4 5 7 9 10 12 13 | 13.4
Earth Magic    | 4 5 7 9 10 12 13 | 13.4
Alchemy        | 4 5 7 9 10 12 13 | 13.4
Fighting       | 1 2 8 12 13 | 13.9
Shields        | 1 3 4 |  4.6
Armour         | 2 |  2.7

Action                     |  1- 3 |  4- 6 |  7- 9 | 10-12 | 13-15 || total
---------------------------+-------+-------+-------+-------+-------++-------
  Melee: Unarmed           |       |     1 |     2 |       |       ||     3
         Staff             |       |       |       |       |    32 ||    32
   Cast: Foxfire           |    57 |    87 |   129 |   215 |   186 ||   674
         Scorch            |     9 |    11 |    48 |   149 |    90 ||   307
         Momentum Strike   |       |     1 |     3 |     3 |     2 ||     9
         Flame Wave        |       |     1 |     2 |    10 |    11 ||    24
         Confusing Touch   |       |       |     2 |       |       ||     2
         Gell's Gravitas   |       |       |     4 |    16 |    10 ||    30
         Volatile Blastmot |       |       |     1 |       |       ||     1
         Inner Flame       |       |       |       |     2 |       ||     2
         Summon Lightning  |       |       |       |    34 |    45 ||    79
         Freeze            |       |       |       |       |     1 ||     1
 Invoke: Curse Item        |       |       |     2 |     5 |       ||     7
    Use: Scroll            |       |     2 |       |     4 |     1 ||     7
         Potion            |       |       |       |     1 |     1 ||     2
 Armour: Robe              |     9 |     6 |    16 |    42 |       ||    73
         Troll leather arm |       |       |       |    33 |    80 ||   113
  Dodge: Dodged            |    13 |    15 |    22 |   107 |    91 ||   248
  Block: Other             |       |       |     6 |    19 |    20 ||    45
         Reflection        |       |       |       |     2 |     2 ||     4

Table legend: (Time is in decaauts)
 A = Elapsed time spent in this place.
 B = Non-inter-level travel time spent in this place.
 C = Inter-level travel time spent in this place.
 D = Time resting spent in this place.
 E = Time spent auto-exploring this place.
 F = Levels seen in this place.
 G = Mean time per level.
                   A        B        C        D        E       F      G
               +--------+--------+--------+--------+--------+-----+--------+
         Total |  14677 |  13788 |    889 |    107 |  10767 |  16 |  917.3 |
       Dungeon |  11902 |  11183 |    719 |     75 |   9175 |  12 |  991.8 |
        Temple |     26 |      2 |     24 |      0 |      0 |   1 |   26.0 |
  Orcish Mines |   1544 |   1398 |    146 |     32 |    860 |   2 |  772.0 |
   Elven Halls |   1203 |   1203 |      0 |      0 |    732 |   1 | 1203.0 |
               +--------+--------+--------+--------+--------+-----+--------+

Top non-repeatable levels by time:
     D:9: 1924 daAuts
     D:6: 1345 daAuts
   Elf:1: 1203 daAuts
     D:5: 1039 daAuts
   Orc:2: 1026 daAuts
     D:3: 1017 daAuts
     D:4: 995 daAuts
     D:7: 974 daAuts
    D:10: 911 daAuts
     D:1: 888 daAuts
    D:11: 852 daAuts
     D:8: 794 daAuts
     D:2: 702 daAuts
   Orc:1: 517 daAuts
    D:12: 454 daAuts
